 Dungeon Crawl Stone Soup version 0.18.1-48-g4cf74bf (webtiles) character file.

78 Joat the Skirmisher (level 4, -5/40 HPs)
             Began as a Centaur Fighter on Sept 4, 2016.
             Killed by divine providence
             ... invoked by an orc priest
              (10 damage)
             ... on level 3 of the Dungeon.
             The game lasted 00:09:16 (2253 turns).

Joat the Skirmisher (Centaur Fighter)               Turns: 2253, Time: 00:09:17

Health: -5/40      AC:  7    Str: 20    XL:     4   Next: 15%
Magic:  4/4        EV:  5    Int:  7    God:
Gold:   138        SH:  0    Dex:  8    Spells: 0 memorised, 3 levels left

rFire  . . .     SeeInvis .     a - +0 trident
rCold  . . .     Gourm    .     k - +0 chain mail
rNeg   . . .     Faith    .     (no shield)
rPois  .         Spirit   .     (no helmet)
rElec  .         Dismiss  .     (no cloak)
rCorr  .         Reflect  .     (no gloves)
SustAt .         Harm     .     (no barding)
MR     .....                    (no amulet)
Stlth  ..........               (no ring)
                                (no ring)

@: very quick, not resistant to hostile enchantments, extremely unstealthy
A: hooves 3, deformed body, speed 2, tough skin 3
a: no special abilities


You were on level 3 of the Dungeon.
You were not hungry.

You visited 1 branch of the dungeon, and saw 3 of its levels.

You collected 138 gold pieces.

Inventory:

Hand Weapons
 a - a +0 trident (weapon)
Armour
 b - a +0 scale mail
 c - a +0 shield
 k - a +0 chain mail (worn)
Wands
 x - a wand of acid (10/15)
Scrolls
 e - 2 scrolls of recharging {unknown}
 g - 2 scrolls of fog {unknown}
 j - a scroll of noise {unknown}
 l - a scroll of teleportation {unknown}
 m - a scroll of enchant armour {unknown}
 n - 4 scrolls of identify {unknown}
 p - a scroll of remove curse {unknown}
 q - a scroll of fear {unknown}
 r - a scroll of immolation {unknown}
 t - a scroll of magic mapping {unknown}
 u - a scroll of enchant weapon {unknown}
Potions
 d - 3 potions of might
 h - a potion of heal wounds {unknown}
 i - a potion of curing
 s - a potion of degeneration {unknown}
 w - a potion of resistance {unknown}
 z - a potion of invisibility {unknown}
Comestibles
 f - 2 bread rations
 o - 4 fruits
 v - 3 chunks of flesh


   Skills:
 + Level 3.7 Fighting
 * Level 2.9 Polearms
 + Level 2.6 Armour
 - Level 2.2 Shields


You had 3 spell levels left.
You didn't know any spells.

Dungeon Overview and Level Annotations

Branches:
Dungeon (3/15)

Altars:
Gozag

Shops:
D:2 *


Innate Abilities, Weirdness & Mutations

You have hooves in place of feet.
Armour fits poorly on your strangely shaped body.
You cover ground very quickly.
You have extremely tough skin (AC +3).


Message History

The orc hits you but does no damage.
A goblin comes into view.
The goblin shouts!
The orc barely misses you.
You hit the orc priest but do no damage.
The orc priest hits you.
You puncture the orc priest!
The orc priest is heavily wounded.
The orc hits you with a flail.
The orc priest invokes the aid of Beogh against you.
Beogh smites you!
* * * LOW HITPOINT WARNING * * *
Drink which item? (? for menu, Esc to quit)
It was a potion of curing.
You feel better. The orc priest hits you.
* * * LOW HITPOINT WARNING * * *
The orc barely misses you. The orc barely misses you.
The orc priest invokes the aid of Beogh against you.
Beogh smites you!
You die...

.........#.
#+##+#.###g #.#
#. #.# #. #.# #.
# #.#
#.########### #
#.# #...g........
#
#.#####.#o######.
#.......oo.@...#
######....#....#
#....######
#....... #.######
#.. ###


You could see an orc priest, 2 orcs and a goblin.

Vanquished Creatures
  4 adders
  An ooze (D:1)
  A dart slug (D:1)
  A bat (D:2)
  5 giant cockroaches
  6 goblins
  4 hobgoblins
  A jackal (D:1)
  2 kobolds
  3 giant newts
  7 rats
35 creatures vanquished.

Notes
Turn   | Place    | Note
--------------------------------------------------------------
     0 | D:1      | Joat the Centaur Fighter began the quest for the Orb.
     0 | D:1      | Reached XP level 1. HP: 19/19 MP: 1/1
   369 | D:1      | Reached XP level 2. HP: 26/26 MP: 2/2
  1165 | D:2      | Reached XP level 3. HP: 10/31 MP: 3/3
  1742 | D:2      | Found an opulent altar of Gozag.
  1742 | D:2      | Found Gozag's Platinum Reserve.
  1937 | D:2      | Reached XP level 4. HP: 40/40 MP: 4/4
  2248 | D:3      | HP: 1/40 [orc priest/divine providence (12)]
  2253 | D:3      | Killed from afar by an orc priest

Skill      XL: |  1 |
---------------+----+-----
Polearms       | 2 |  2.9
Fighting       | |  3.7
Armour         | |  2.6
Shields        | |  2.2

Action                   |  1- 3 |  4- 6 || total
-------------------------+-------+-------++-------
Melee: Trident           |   154 |    25 ||   179
       Kick              |    14 |     1 ||    15
  Use: Potion            |       |     1 ||     1
  Eat: Chunk             |     2 |     1 ||     3
Armor: Scale mail        |    14 |       ||    14
       Chain mail        |    64 |    13 ||    77
Dodge: Dodged            |    30 |    11 ||    41
Block: Shield            |     3 |       ||     3
